cohdb
Replays
Latest Replays
All Replays
Popular Replays
Top Player Replays
Match Explorer
How It Works
Community
CoH3 Stats
Reddit
Sign in to upload your games and track your stats! →
Sign in with Steam
Match 42433251
Unlisted
Match 42433251
Overview
Messages
Build Orders
End
Kettenkrad Recon Vehicle
Construct Infanterie Kompanie
MG 42 Machine Gun Team
Selects Terror Battlegroup
Selects Machine Gun Camouflage
Grenadier Squad
Grenadier Squad
Construct Luftwaffe Kompanie
MG 42 Bunker
Jäger Squad
Jäger Squad
Support Elements
Medical Bunker
Wirbelwind Flakpanzer
Selects Defend the Fatherland
Defend the Fatherland
Construct Panzergrenadier Kompanie
Construct Panzergrenadier Kompanie
Jäger Squad
Forward Retreat Point
MG 42 Bunker
Nebelwerfer 42 Rocket Launcher Team
MG 42 Bunker
Jäger Squad
Selects King Tiger Heavy Tank
King Tiger Heavy Tank
rockkiller31
Brazuca
Caliph Al Nasser
Thank You Chef
yesman55
86DRIFT3R
Kain
dan-_-
0
0
Comments
sign in to comment!
No comments posted yet!